 Dungeon Crawl Stone Soup version 0.24-a0-537-g2d01d4ab0a (webtiles) character file.

Game seed: 9705467095119954755

121 Mithandil the Conjurer (level 5, -2/29 HPs)
             Began as a Tengu Conjurer on Aug 12, 2019.
             Slain by an adder (4 damage)
             ... on level 3 of the Dungeon.
             The game lasted 00:08:45 (1315 turns).

Mithandil the Conjurer (Tengu Conjurer)             Turns: 1315, Time: 00:08:46

Health: -2/29      AC:  4    Str: 10    XL:     5   Next: 5%
Magic:  1/10       EV: 13    Int: 15    God:
Gold:   39         SH:  0    Dex: 14    Spells: 7/10 levels left

rFire    . . .     SeeInvis .   a - +1 whip (flame)
rCold    . . .     Gourm    .   (no shield)
rNeg     . . .     Faith    .   h - +0 robe
rPois    .         Spirit   .   (helmet restricted)
rElec    .         Reflect  .   f - +1 cloak
rCorr    .         Harm     .   (no gloves)
MR       .....                  (boots unavailable)
Stlth    ++........             (no amulet)
HPRegen  0.09/turn              (no ring)
MPRegen  0.12/turn              (no ring)

@: lethally poisoned (-2 -> -7)
A: beak, talons 3, able to fly
a: Fly


You were on level 3 of the Dungeon.
You were very hungry.

You visited 1 branch of the dungeon, and saw 3 of its levels.

You collected 39 gold pieces.

Inventory:

Hand Weapons
 a - a +1 whip of flaming (weapon)
 b - a +0 short sword of venom
 m - a +0 hunting sling
Missiles
 d - 101 stones
 k - 10 poisoned darts (quivered)
 l - 21 bolts
Armour
 f - a +1 cloak (worn)
 h - a +0 robe (worn)
Scrolls
 e - a scroll of blinking
 g - a scroll of remove curse
Comestibles
 c - 3 rations
 i - 7 chunks of flesh


   Skills:
 + Level 1.3 Fighting
 + Level 2.9 Dodging
 + Level 2.6 Stealth
 * Level 3.0 Spellcasting
 * Level 6.3 Conjurations


You had 7 spell levels left.
You knew the following spells:

 Your Spells              Type           Power        Failure   Level  Hunger
a - Magic Dart            Conj           ###.         1%          1    #......
b - Searing Ray           Conj           ###...       2%          2    ##.....

Your spell library contained the following spells:

 Spells                   Type           Power        Failure   Level  Hunger
 Iskenderun's Mystic Bla  Conj           ###.....     14%         4    #####..
 Dazzling Spray           Conj/Hex       ##....       16%         3    ###....
 Force Lance              Conj/Tloc      ##......     47%         4    #####..
 Fulminant Prism          Conj/Hex       ##........   47%         4    #####..


Dungeon Overview and Level Annotations

Branches:
Dungeon (3/15)

Altars:

Portals:
Sewer: D:3


Innate Abilities, Weirdness & Mutations

You have a beak for a mouth.
You have claws for feet.
You can fly continuously.


Message History

The adder bites you.
* * * LOW HITPOINT WARNING * * *
You are poisoned.
The adder poisons you! The giant cockroach barely misses you.
The adder bites you but does no damage.
Without enough magic to sustain it, your searing ray dissipates.
You feel sick. The adder bites you.
* * * LOW HITPOINT WARNING * * *
The giant cockroach bites you but does no damage.
The adder closely misses you. The adder barely misses you.
You barely miss the adder. Your kick misses the adder.
The adder is heavily wounded.
* * * LOW HITPOINT WARNING * * *
You feel sick. The giant cockroach barely misses you.
The adder closely misses you. x2
The giant cockroach bites you but does no damage.
You hit the adder. You burn the adder. Your kick misses the adder.
The adder is severely wounded.
The adder closely misses you. The adder bites you.
You die...

************ #.........#.##
*######### #.........#..#
*........# #.........##..
*........###.........##..
*....................####
*.............)......#
*.............)).....#
****...........÷........#*
*,,,.......@....)........#
*,,,......SSs....###.....#**
****,,,.............#
#.......,
*,,,,,,...........###
*.......,
*,,,,,,.....##'##.#
*......,,
*,,,,,,.....#≈≈≈#.#**
*,.....,,
****,,,.....#≈≈≈#...*
*,,,,,,,, ****###..#≈∩≈#...#
*,,,,,,,, #..#≈≈≈#...#
*,,,,,,,,


You could see 2 adders and a giant cockroach.

Vanquished Creatures
  An orc wizard (D:3)
  Natasha (D:2)
  Terence (D:2)
  A worm (D:3)
  A dart slug (D:1)
  A leopard gecko (D:3)
  2 orcs (D:3)
  A ball python (D:1)
  7 bats
  A giant cockroach (D:1)
  4 goblins
  4 hobgoblins
  6 kobolds
  A frilled lizard (D:1)
  4 rats
36 creatures vanquished.

Notes
Turn   | Place    | Note
-------+----------+-------------------------------------------
     0 | D:1      | Mithandil the Tengu Conjurer began the quest for the Orb.
     0 | D:1      | Reached XP level 1. HP: 10/10 MP: 4/4
   133 | D:1      | Reached XP level 2. HP: 15/15 MP: 1/6
   137 | D:1      | Learned a level 2 spell: Searing Ray
   622 | D:1      | Reached XP level 3. HP: 20/20 MP: 5/7
   874 | D:2      | Noticed Terence
   881 | D:2      | Killed Terence
   949 | D:2      | Noticed Natasha
   962 | D:2      | Killed Natasha
   962 | D:2      | Reached skill level 1 in Fighting
   962 | D:2      | Reached skill level 6 in Conjurations
   962 | D:2      | Reached XP level 4. HP: 8/25 MP: 1/9
  1282 | D:3      | Gained mutation: You can fly continuously. [Tengu growth]
  1282 | D:3      | Reached XP level 5. HP: 10/29 MP: 1/10
  1300 | D:3      | Found a glowing drain.
  1315 | D:3      | Slain by an adder

Levels and vault maps discovered:
D:1:      wheals_arrival_shading, layout_loops_ring
D:2:      layout_loops_ring, chequers_ecumenical_altar_lobes,
          nicolae_ru_awakened_eye, uniq_crazy_yiuf_cottage, uniq_natasha,
          uniq_terence
D:3:      cheibrodos_helix_gallery, layout_basic, gup_sewer_entry_glass,
          chequers_decorated_corner

Skill      XL: |  1  2  3  4 |
---------------+-------------+-----
Fighting       | 1 |  1.3
Conjurations   | 6 |  6.3
Spellcasting   | 3 |  3.0
Dodging        | |  2.9
Stealth        | |  2.6

Action                   |  1- 3 |  4- 6 || total
-------------------------+-------+-------++-------
Melee: Dagger            |     8 |       ||     8
       Kick              |     4 |     4 ||     8
       Peck              |     3 |     2 ||     5
       Whip              |    15 |    18 ||    33
 Cast: Magic Dart        |    43 |    10 ||    53
       Searing Ray       |     2 |     2 ||     4
  Use: Scroll            |     2 |     3 ||     5
       Potion            |     2 |       ||     2
  Eat: Chunk             |       |     1 ||     1
Armor: Robe              |     7 |     8 ||    15
Dodge: Dodged            |    16 |    24 ||    40

Table legend:
 A = Non-vault XP
 B = Vault XP
 C = Vault XP percentage of total XP
 D = Non-vault monster count
 E = Vault monster count
 F = Vault count percentage of total count
                 A         B        C        D         E       F
            +---------+---------+-------+---------+---------+-------
      Total |      95 |      79 |  45.4 |      32 |       4 |  11.1
            +---------+---------+-------+---------+---------+-------
        D:1 |      33 |       0 |   0.0 |      19 |       0 |   0.0
        D:2 |       8 |      72 |  90.0 |       5 |       2 |  28.6
        D:3 |      54 |       7 |  11.5 |       8 |       2 |  20.0
            +---------+---------+-------+---------+---------+-------
